 Dungeon Crawl Stone Soup version 0.20.0-10-g0535bb4 (console) character file.

85 removed the Sneak (level 4, 0/25 HPs)
             Began as a Deep Elf Assassin on June 4, 2017.
             Slain by a hellwing (11 damage)
             ... created by the fury of Makhleb
             ... on level 3 of the Dungeon.
             The game lasted 00:03:36 (2563 turns).

removed the Sneak (Deep Elf Assassin)               Turns: 2563, Time: 00:03:37

Health: 0/25       AC:  6    Str:  8    XL:     4   Next: 25%
Magic:  15/15      EV: 13    Int: 17    God:
Gold:   105        SH:  0    Dex: 16    Spells: 3/3 levels left

rFire    . . .     SeeInvis .   a - +2 dagger
rCold    . . .     Gourm    .   (no shield)
rNeg     . . .     Faith    .   c - +0 robe
rPois    .         Spirit   .   (no helmet)
rElec    .         Reflect  .   d - +0 cloak
rCorr    .         Harm     .   (no gloves)
MR       .....                  n - +2 pair of boots
Stlth    +++.......             (no amulet)
Regen    0.1/turn               h - ring of magical power
MPRegen  0.2/turn               (no ring)

@: no status effects
A: no striking features
a: no special abilities


You were on level 3 of the Dungeon.
You were very hungry.

You visited 1 branch of the dungeon, and saw 3 of its levels.

You collected 105 gold pieces.

Inventory:

Hand Weapons
 a - a +2 dagger (weapon)
 b - a +0 blowgun
 y - a +1 dagger of holy wrath
Missiles
 e - 16 poisoned needles
 f - 5 curare-tipped needles
Armour
 c - a +0 robe (worn)
 d - a +0 cloak (worn)
 n - a +2 pair of boots (worn)
Jewellery
 h - a ring of magical power (left hand)
Scrolls
 i - 2 scrolls of recharging {unknown}
 l - a scroll of amnesia {unknown}
 m - 2 scrolls of magic mapping {unknown}
 o - 2 scrolls of remove curse {unknown}
 q - a scroll of enchant weapon {unknown}
 r - a scroll of immolation {unknown}
 s - a scroll of identify {unknown}
 v - 2 scrolls of enchant armour {unknown}
Potions
 k - a potion of resistance {unknown}
 t - a potion of agility {unknown}
 x - 2 potions of mutation {unknown}
 z - a potion of might {unknown}
Comestibles
 g - 3 bread rations
 w - 2 meat rations


   Skills:
 - Level 1.5 Fighting
 - Level 4.2 Short Blades
 - Level 2.0 Throwing
 + Level 2.3 Dodging
 - Level 4.8 Stealth


You had 3 spell levels left.
You didn't know any spells.

Dungeon Overview and Level Annotations

Branches:
Dungeon (3/15)

Altars:
Makhleb
Xom


Message History

f - 5 curare-tipped needles (gained 3)
Found a stone staircase leading down.
e - 14 poisoned needles (gained 1)
z - an amethyst potion
e - 15 poisoned needles (gained 1)
e - 16 poisoned needles (gained 1) Makhleb rains destruction down upon you!
The splash of acid hits you!
Ouch! That really hurt!
You are splashed with acid!
The acid burns!
* * * LOW HITPOINT WARNING * * *
You start resting.
You are feeling very hungry.
You start resting.
Makhleb sends a minion to punish you.
A hellwing comes into view.
The hellwing swoops through the air toward you!
The hellwing closely misses you. The hellwing hits you. The hellwing hits you!
You die...

#...# ######...#
##........#
#...####..# #..#
#)...<.#..# #..#
#......#..###..#
#(.....#.......#
##+##+##..##...#
#...@4.....#
+######..##..#
.............#
..######..#.##
#.....#.#
#.......#
#.......#
#.......#
#.......#


You could see a hellwing.

Vanquished Creatures
  An iguana (D:3)
  An adder (D:2)
  A worm (D:2)
  A dart slug (D:1)
  3 leopard geckos
  A ball python (D:2)
  4 giant cockroaches (D:2)
  5 goblins
  5 hobgoblins
  A jackal (D:1)
  4 kobolds
  7 bats
  5 frilled lizards
  4 rats
43 creatures vanquished.

Notes
Turn   | Place    | Note
-------+----------+-------------------------------------------
     0 | D:1      | removed the Deep Elf Assassin began the quest for the Orb.
     0 | D:1      | Reached XP level 1. HP: 12/12 MP: 3/3
   671 | D:1      | Reached XP level 2. HP: 16/16 MP: 4/4
  1260 | D:2      | Reached XP level 3. HP: 20/20 MP: 5/5
  1266 | D:2      | Found a faded altar of an unknown god.
  1313 | D:2      | Became a worshipper of Makhleb the Destroyer
  1313 | D:2      | Reached * piety under Makhleb
  1316 | D:2      | Fell from the grace of Makhleb
  1974 | D:2      | Found a burning altar of Makhleb.
  1974 | D:2      | Found a shimmering altar of Xom.
  2364 | D:3      | Reached XP level 4. HP: 25/25 MP: 6/6
  2558 | D:3      | Noticed a hellwing
  2563 | D:3      | Slain by a hellwing

Skill      XL: |  1  2  3 |
---------------+----------+-----
Short Blades   | 3 4 |  4.2
Dodging        | 2 |  2.3
Fighting       | |  1.5
Throwing       | |  2.0
Stealth        | |  4.8

Action                   |  1- 3 |  4- 6 || total
-------------------------+-------+-------++-------
Melee: Dagger            |   150 |     6 ||   156
 Fire: Blowgun           |    22 |       ||    22
Invok: Renounce Religion |     1 |       ||     1
 Stab: Sleeping          |     9 |       ||     9
  Eat: Chunk             |     4 |       ||     4
Armor: Robe              |    58 |     5 ||    63
Dodge: Dodged            |   106 |     6 ||   112
